[Event "57th Biel Festival MTO 2024"]
[White "Vincenti,Leonardo"]
[Black "Fromm,Marius"]
[Site "Biel"]
[Round "3.27"]
[Annotator "TA"]
[Result "1/2-1/2"]
[Date "2024.07.17"]
[WhiteElo "2166"]
[BlackElo "2465"]
[PlyCount "71"]
[TimeControl "60"]

1. e4 c5 2. Nf3 d6 3. d4 cxd4 4. Nxd4 Nf6 5. Nc3 a6 6. Bg5 e6 7. f4 Be7 8. Qf3 Qc7 9. O-O-O Nbd7 10. g4 b5 11. Bxf6 Nxf6 12. g5 Nd7 13. f5 O-O {[%emt 0:0:46] [#] Und ...b4 würde nun gewinnen.} 14. Rg1 {[%emt 0:0:20] f6 ist eine echte Drohung.} b4 $1 15. Nce2 {[%emt 0:0:0] Droht f6 und aus.} e5 $1 {[%emt 0:0:34][%cal Be6e5,Be5d4][%mdl 32] Weiß hat minimalen Vorteil.} 16. f6 $1 exd4 17. fxe7 Re8 18. e5 $36 {[%emt 0:34:49][%mdl 2048] Weiss hat Initiative. Manche mögen's heiß} d5 (18... Rb8 $11 {bleibt in der Remisbreite.} 19. e6 (19. Nxd4 Nxe5 20. Qg3 Rxe7 $17 )fxe6 )19. Qxd5 $16 {[%emt 0:15:19] Weiß hat aktiveres Spiel. Die schwarzen Türme stehen passiv.} Bb7 (19... Nc5 $16 {war angesagt.} )20. Qd6 $18 (20. Qxd4 Rac8 21. Qd2 Nxe5 $15 )Rac8 21. Nxd4 (21. Qxb4 $2 Qxc2# )g6 22. Qxc7 ({Weniger gut wäre} 22. Qxb4 Nxe5 23. Qd2 (23. Bh3 Rb8 $14 )Qxe7 $14 )(22. Re1 $142 {Bh3 wäre nun fies.} Qc5 23. Qxd7 Rxe7 24. Qg4 )Rxc7 23. e6 {[%emt 0:7:8] Zielt auf Nb5 ab.} Nc5 {[%emt 0:14:38] [#]} 24. Bc4 (24. exf7+ $1 $18 Kxf7 25. Bc4+ Kg7 26. a3 Rcxe7 27. axb4 )fxe6 25. Nxe6 Nxe6 26. Bxe6+ Kg7 27. Bb3 Rcxe7 28. Ba4 Rf8 29. Rge1 Rxe1 30. Rxe1 $16 {[%emt 0:0:37][%mdl 4096] Endspiel. KRB-KRB} Rf7 31. Bb3 {[%emt 0:1:51] Verhindert Bd5.} Rd7 32. Ba4 Rf7 33. Bb3 {[%emt 0:17:0] Lässt Bd5 nicht zu} Rd7 34. c3 {[%emt 0:3:29] Weiß steht deutlich besser.} bxc3 35. bxc3 h6 36. gxh6+ {[%emt 0:0:20] Gewichteter Fehlerwert: Weiß=0.35/Schwarz=0.28 (präzise) .  Verlustzug:     	---       	Schwarz=1     Fehler:       	Weiß=2     	Schwarz=1     Ungenau:       	Weiß=1     	Schwarz=1     OK:         	Weiß=8     	Schwarz=8     Bester:       	Weiß=3     	Schwarz=1     Stark:        	Weiß=1     	Schwarz=2} 1/2-1/2

[Event "57th Biel Festival MTO 2024"]
[White "Saraci,Nderim"]
[Black "Malli,Suvirr"]
[Site "Biel"]
[Round "3.28"]
[Annotator "TA"]
[Result "1-0"]
[Date "2024.07.17"]
[WhiteElo "2449"]
[BlackElo "2147"]
[PlyCount "79"]
[TimeControl "60"]

1. Nf3 d5 2. c4 c6 3. e3 Nf6 4. Nc3 e6 5. d4 Nbd7 6. Qc2 Bd6 7. b3 O-O 8. Bb2 Qe7 9. Be2 b6 10. O-O Bb7 11. Rad1 Rad8 12. Bd3 e5 13. dxe5 Nxe5 {[%emt 0:0:15] The position is equal.} 14. Nxe5 Qxe5 15. g3 {[%emt 0:0:16][%cal Oc3d5] Nxd5! is the strong threat.} Qh5 16. Be2 Ng4 ({Black should try} 16... Qh3 $11 )17. Bxg4 ({Better is} 17. h4 $1 $14 )Qxg4 $11 18. Rd4 Qf3 (18... Qc8 {simplifies} 19. Rfd1 Be5 20. R4d2 dxc4 21. bxc4 Rxd2 22. Rxd2 Qe6 )19. cxd5 cxd5 20. Nb5 $40 {[%emt 0:7:11][%cal Ob5d6][%mdl 128] Strongly threatening Nxd6! White attacks.} Bc8 $2 {[%emt 0:23:14] [#] White now steadily converts the win.} (20... Bb8 $11 )21. Rh4 $1 $18 (21. Nxa7 $2 Bh3 $19 )Qf5 22. Qxf5 Bxf5 {[%emt 0:0:9] [#]} 23. Nxd6 ({Not} 23. Nxa7 Ra8 24. Nc6 Rxa2 $11 )Rxd6 24. Ba3 Rc6 25. Bxf8 Kxf8 {[%emt 0:0:5][%mdl 4096] Endgame. KRR-KRB} 26. Rd4 {[%emt 0:1:39] Repels Bd3} Rc2 27. Ra1 Be4 28. Rdd1 Rb2 29. Rdc1 Bc2 30. f3 Bd3 31. Rc7 Be2 32. Rac1 (32. Rxa7 Bxf3 33. Rc1 g5 $16 )Bxf3 {[%emt 0:1:26] White is clearly winning.} 33. R7c2 ({Don't do} 33. Rxa7 g5 34. Rcc7 Bh5 $18 )Rxc2 34. Rxc2 {[%emt 0:0:2] KR-KB} Ke8 35. Rc7 a6 36. Kf2 Be4 37. Ra7 Bd3 38. Ke1 a5 39. Kd2 Bb1 40. a4 {[%emt 0:0:20] Weighted Error Value: White=0.07 (flawless) /Black=0.40.  Loses game:     	---       	Black=1      Mistake:       	White=1     	Black=1      Inaccurate:     	White=1     	Black=2      OK:         	White=18    	Black=8      Best:        	White=2     	---        Strong:       	White=1     	---} 1-0

[Event "57th Biel Festival MTO 2024"]
[White "Chinguun,Sumiya"]
[Black "Vemparala,Nikash"]
[Site "Biel"]
[Round "3.29"]
[Annotator "RC"]
[Result "1/2-1/2"]
[Date "2024.07.17"]
[WhiteElo "2348"]
[BlackElo "2170"]
[PlyCount "101"]
[TimeControl "60"]

1. e4 e5 2. Nf3 Nc6 3. Bc4 Bc5 4. c3 Nf6 5. d3 O-O 6. O-O d6 7. Bg5 h6 8. Bh4 a5 9. a4 Ba7 10. Nbd2 Be6 11. Qb3 Bxc4 12. Nxc4 g5 13. Bg3 Qd7 14. Rad1 Kg7 15. Rfe1 Rfe8 16. Qc2 Qe6 17. b3 Rad8 18. d4 exd4 19. Nxd4 Bxd4 20. cxd4 d5 21. Ne5 dxe4 22. Nxc6 Qxc6 23. Qxc6 bxc6 24. Bxc7 Rd5 25. Rc1 Re6 26. Rc4 Nd7 27. h3 Kh7 28. Re3 c5 29. dxc5 Nxc5 30. Bxa5 Nxb3 31. Bb4 Rd1+ 32. Re1 Rxe1+ 33. Bxe1 f5 34. Kf1 Rd6 35. g4 Kg6 36. Bb4 Ra6 37. Bc3 Nc1 38. Rc7 fxg4 39. hxg4 h5 40. a5 hxg4 41. Rb7 Nd3 42. Rb6+ Rxb6 43. axb6 Nc5 44. Ke2 Kf5 45. Ke3 Nb7 46. Kd4 Kf4 47. Bd2+ Kf3 48. Bxg5 Kxf2 49. Kxe4 Kg2 50. Kf4 Kh3 51. Ke4 1/2-1/2

[Event "57th Biel Festival MTO 2024"]
[White "Rosen,Eric"]
[Black "Woong,Zhi Wei William"]
[Site "Biel"]
[Round "3.30"]
[Annotator "RC"]
[Result "1/2-1/2"]
[Date "2024.07.17"]
[WhiteElo "2361"]
[BlackElo "2139"]
[PlyCount "75"]
[TimeControl "60"]

1. e4 c5 2. Nf3 Nc6 3. Bc4 d6 4. O-O Nf6 5. Re1 g6 6. d4 cxd4 7. Nxd4 Bd7 8. Nc3 Bg7 9. Nb3 O-O 10. Nd5 Rc8 11. Bf1 Be6 12. c3 Ne5 13. Bg5 Bxd5 14. exd5 h6 15. Be3 a6 16. a4 Re8 17. h3 Nc4 18. Bxc4 Rxc4 19. Qd3 Rc8 20. a5 Qd7 21. c4 e5 22. dxe6 Qxe6 23. Rac1 Qe4 24. Qxd6 Rxc4 25. Nc5 Rxc1 26. Rxc1 Qb4 27. Qb6 Qxb6 28. axb6 Nd5 29. Nxb7 Rb8 30. Na5 Nxb6 31. Rd1 Na4 32. b3 Rb5 33. Rd8+ Kh7 34. bxa4 Rxa5 35. Rd7 Kg8 36. Rd8+ Kh7 37. Rd7 Kg8 38. Rd8+ 1/2-1/2

[Event "57th Biel Festival MTO 2024"]
[White "Asllani,Dorian"]
[Black "Hafiz,Arif Abdul"]
[Site "Biel"]
[Round "3.31"]
[Annotator "RC"]
[Result "0-1"]
[Date "2024.07.17"]
[WhiteElo "2154"]
[BlackElo "2367"]
[PlyCount "76"]
[TimeControl "60"]

1. Nf3 Nf6 2. c4 g6 3. d4 Bg7 4. Nc3 d5 5. cxd5 Nxd5 6. e3 O-O 7. Bc4 Nxc3 8. bxc3 c5 9. O-O Nc6 10. Ba3 Na5 11. Qe2 Nxc4 12. Qxc4 cxd4 13. cxd4 Bf6 14. e4 b6 15. h3 Bb7 16. Rfe1 Rc8 17. Qb3 Qd7 18. Rad1 Rfd8 19. Qe3 Bg7 20. h4 Qg4 21. d5 Rc3 22. Rd3 Rxd3 23. Qxd3 Qd7 24. Rc1 h6 25. h5 g5 26. Qe3 e6 27. d6 Rc8 28. Rxc8+ Bxc8 29. e5 Qc6 30. Qd2 g4 31. Nd4 Qd5 32. Qc3 Bb7 33. f3 Bxe5 34. Bb2 gxf3 35. gxf3 Qxd6 36. Qe3 Bg7 37. Kg2 Qd5 38. Qf4 e5 0-1

[Event "57th Biel Festival MTO 2024"]
[White "Narayanan,Samrug"]
[Black "Arsenie,Cristian Marc"]
[Site "Biel"]
[Round "3.32"]
[Annotator "RC"]
[Result "1/2-1/2"]
[Date "2024.07.17"]
[WhiteElo "2335"]
[BlackElo "2121"]
[PlyCount "82"]
[TimeControl "60"]

1. e4 c5 2. Nf3 d6 3. Bb5+ Nd7 4. a4 Ngf6 5. Nc3 g6 6. a5 Bg7 7. O-O a6 8. Be2 O-O 9. d3 b5 10. axb6 a5 11. Be3 Bb7 12. Qd2 Qxb6 13. h3 Bc6 14. Ra2 a4 15. Bh6 Bxh6 16. Qxh6 Qb4 17. Nd1 c4 18. dxc4 Bxe4 19. Ne3 Bxc2 20. Nxc2 Qb3 21. Rfa1 Qxc2 22. Nd4 Qe4 23. Qd2 Qb7 24. Bf3 Ne4 25. Qe2 Ndc5 26. Bxe4 Nxe4 27. Rxa4 Rxa4 28. Rxa4 d5 29. cxd5 Qxd5 30. Nf3 f5 31. Rd4 Qc5 32. b4 Qc1+ 33. Rd1 Qc7 34. Qa2+ Kh8 35. Rb1 Nc3 36. Qb2 e5 37. Re1 e4 38. Rc1 Rc8 39. b5 Qg7 40. Kh1 exf3 41. gxf3 h6 1/2-1/2

[Event "57th Biel Festival MTO 2024"]
[White "Schnell,Simon"]
[Black "Padmini,Rout"]
[Site "Biel"]
[Round "3.33"]
[Annotator "RC"]
[Result "1-0"]
[Date "2024.07.17"]
[WhiteElo "2139"]
[BlackElo "2348"]
[PlyCount "63"]
[TimeControl "60"]

1. d4 Nf6 2. c4 g6 3. Nc3 d5 4. cxd5 Nxd5 5. e4 Nxc3 6. bxc3 Bg7 7. Be3 c5 8. Nf3 O-O 9. Be2 Qa5 10. O-O Nd7 11. Qb3 e6 12. Rfd1 Qc7 13. d5 exd5 14. exd5 Qd6 15. Nd2 Re8 16. Nc4 Qf6 17. Rac1 Nb6 18. Nxb6 axb6 19. d6 Bd7 20. Qxb6 Rxa2 21. Bf3 Rxe3 22. fxe3 Qh4 23. Qxc5 b6 24. Qd5 Qf2+ 25. Kh1 Bf8 26. Rf1 Qd2 27. Qxd2 Rxd2 28. Rcd1 Rxd1 29. Rxd1 Kg7 30. Rb1 Kf6 31. Rxb6 Ke5 32. Bc6 1-0

[Event "57th Biel Festival MTO 2024"]
[White "Harish,Neeraj"]
[Black "Ayush Sharma"]
[Site "Biel"]
[Round "3.34"]
[Annotator "RC"]
[Result "0-1"]
[Date "2024.07.17"]
[WhiteElo "2123"]
[BlackElo "2325"]
[PlyCount "64"]
[TimeControl "60"]

1. e4 c5 2. Nf3 e6 3. d4 cxd4 4. Nxd4 a6 5. Nc3 b5 6. Bd3 Bb7 7. O-O d6 8. a3 Nf6 9. f4 Be7 10. Nf3 Nbd7 11. Qe2 Nc5 12. Bd2 O-O 13. Rad1 Rc8 14. Bc1 Qc7 15. e5 dxe5 16. fxe5 Nxd3 17. Rxd3 Nd5 18. Ng5 h6 19. Nh3 Qc4 20. Rg3 Nxc3 21. Qxc4 Rxc4 22. bxc3 Bh4 23. Rd3 Be4 24. Rd6 Be7 25. Rxa6 Bc5+ 26. Kh1 Rxc3 27. Nf2 Bd5 28. Nd3 Rxc2 29. Nf4 Be4 30. h4 g5 31. Re1 Bb7 32. Ra5 gxf4 0-1

[Event "57th Biel Festival MTO 2024"]
[White "Haimovich,Tal"]
[Black "Gemelli,Romain"]
[Site "Biel"]
[Round "3.35"]
[Annotator "RC"]
[Result "1-0"]
[Date "2024.07.17"]
[WhiteElo "2330"]
[BlackElo "2101"]
[PlyCount "153"]
[TimeControl "60"]

1. Nf3 Nf6 2. b3 d5 3. Bb2 Bf5 4. g3 e6 5. Bg2 Be7 6. O-O h6 7. d3 c5 8. Nbd2 Nc6 9. Ne5 Nxe5 10. Bxe5 O-O 11. e4 Bg6 12. Qe2 Qb6 13. h3 Rfe8 14. a4 Rad8 15. Rae1 Qb4 16. Bb2 dxe4 17. Nxe4 Nxe4 18. Bxe4 Bxe4 19. Qxe4 Qxe4 20. Rxe4 Rd5 21. Rfe1 h5 22. Kf1 Red8 23. Ke2 g6 24. Kd2 Bf8 25. Bf6 R8d7 26. R1e2 Bg7 27. Bxg7 Kxg7 28. Kc3 Kf6 29. h4 Ke7 30. f4 Kd6 31. b4 cxb4+ 32. Kxb4 Rc7 33. Rc4 Rxc4+ 34. Kxc4 Rc5+ 35. Kb3 f6 36. c4 e5 37. Re4 Rc6 38. a5 b6 39. fxe5+ fxe5 40. d4 exd4 41. Rxd4+ Ke6 42. Rd5 Rd6 43. Rg5 Kf6 44. c5 bxc5 45. Kc4 Rd1 46. Rxc5 Rg1 47. Rg5 Rb1 48. Rd5 Rb2 49. Rg5 Rb1 50. Kc5 Rb2 51. Kc6 Rb3 52. Kc7 Rb1 53. Kc6 Rb3 54. g4 hxg4 55. Rxg4 a6 56. Rf4+ Ke7 57. Rc4 Rb5 58. Rc5 Rb4 59. h5 gxh5 60. Rxh5 Ke6 61. Rh6+ Ke7 62. Rh7+ Ke6 63. Rh5 Ke7 64. Kc7 Rc4+ 65. Kb7 Kd7 66. Rd5+ Ke6 67. Rd1 Rb4+ 68. Kxa6 Ke7 69. Ka7 Rb2 70. Rd5 Rb1 71. Rh5 Kd7 72. Rh7+ Kc8 73. Rh6 Rb7+ 74. Ka6 Rb1 75. Rb6 Rxb6+ 76. axb6 Kb8 77. b7 1-0

[Event "57th Biel Festival MTO 2024"]
[White "Emmenecker,Pierre-Antoine"]
[Black "Altantuya,Boldbaatar"]
[Site "Biel"]
[Round "3.36"]
[Annotator "RC"]
[Result "1-0"]
[Date "2024.07.17"]
[WhiteElo "2306"]
[BlackElo "2107"]
[PlyCount "111"]
[TimeControl "60"]

1. e4 c5 2. Nf3 e6 3. b3 d5 4. exd5 Qxd5 5. Nc3 Qd8 6. Bb5+ Bd7 7. Bb2 Nf6 8. Qe2 Nc6 9. O-O-O Qc7 10. d4 cxd4 11. Nxd4 Qf4+ 12. Kb1 Be7 13. Nxc6 bxc6 14. Rxd7 Nxd7 15. Bxc6 Rd8 16. Rd1 Qc7 17. Qb5 O-O 18. Bxd7 Qxh2 19. Qf1 Bf6 20. Rd3 a6 21. g3 Qh5 22. Nd1 Bxb2 23. Nxb2 e5 24. Nc4 e4 25. Rd1 Kh8 26. g4 Qh4 27. Ne3 a5 28. Rd5 Qe7 29. Qd1 Qh4 30. Rh5 Qf6 31. Qh1 h6 32. g5 Qb6 33. gxh6 g6 34. Rd5 f5 35. Qh4 Qf6 36. Qf4 Rf7 37. Be6 Rff8 38. Qc7 Rxd5 39. Nxd5 Qd4 40. Qe7 Qd1+ 41. Kb2 Qd4+ 42. c3 Qd2+ 43. Ka3 Qxh6 44. Nf4 Ra8 45. Qf6+ Kh7 46. Bf7 a4 47. Bxg6+ Kg8 48. Bf7+ Kh7 49. Qxf5+ Kh8 50. Qe5+ Qg7 51. Qxe4 Ra6 52. Ng6+ Kh7 53. Ne5+ Kh8 54. Qh4+ Rh6 55. Qd8+ Kh7 56. Bg6+ 1-0

[Event "57th Biel Festival MTO 2024"]
[White "Coles,Robin"]
[Black "Gloeckler,Christian"]
[Site "Biel"]
[Round "3.37"]
[Annotator "RC"]
[Result "0-1"]
[Date "2024.07.17"]
[WhiteElo "2084"]
[BlackElo "2304"]
[PlyCount "214"]
[TimeControl "60"]

1. e4 c5 2. Nf3 d6 3. Bb5+ Nd7 4. c4 Ngf6 5. Nc3 g6 6. h3 Bg7 7. d3 O-O 8. Ba4 Ne5 9. O-O Nxf3+ 10. Qxf3 Rb8 11. Qe2 Bd7 12. Bxd7 Nxd7 13. f4 a6 14. a4 Ra8 15. Be3 Nb8 16. Qf2 Nc6 17. f5 Rb8 18. Nd5 e6 19. f6 exd5 20. fxg7 Kxg7 21. Qd2 dxe4 22. Bh6+ Kg8 23. Bxf8 Qxf8 24. Rae1 exd3 25. Qxd3 Ne5 26. Qd5 Qe7 27. Rd1 Rd8 28. Rfe1 Re8 29. Kh1 Kf8 30. b3 Kg7 31. Qxd6 Qxd6 32. Rxd6 Nxc4 33. Rxg6+ hxg6 34. Rxe8 Na5 35. Re3 Kf6 36. Kg1 b5 37. Kf2 b4 38. Ke2 Nc6 39. Kd3 Ne5+ 40. Ke4 Ke6 41. Re1 f6 42. g4 c4 43. bxc4 Nd7 44. Kd4+ Kd6 45. h4 Ne5 46. Rb1 Nc6+ 47. Ke4 Kc5 48. h5 Ne5 49. g5 gxh5 50. gxf6 Nf7 51. Rc1 b3 52. Kf5 Nd6+ 53. Kg6 h4 54. Rd1 Nxc4 55. Rc1 Kb4 56. Re1 Nd6 57. Re4+ Ka3 58. Rxh4 b2 59. Rh1 Kxa4 60. Rd1 a5 61. Rxd6 b1=Q+ 62. Kg7 Qb2 63. Kf7 Kb5 64. Ke7 Qe5+ 65. Re6 Qc7+ 66. Ke8 Qc4 67. Ke7 Qh4 68. Ke8 Qc4 69. Ke7 Qc5+ 70. Ke8 Kc4 71. f7 Kd5 72. Rg6 Qc2 73. Rd6+ Kxd6 74. f8=Q+ Kc6 75. Qf3+ Kb6 76. Kf8 a4 77. Qf6+ Qc6 78. Qb2+ Ka6 79. Qe2+ Qb5 80. Qe6+ Ka5 81. Kg7 Qb7+ 82. Kh8 Qb2+ 83. Kh7 Kb4 84. Qb6+ Ka3 85. Qc5+ Ka2 86. Qc4+ Qb3 87. Qe2+ Ka1 88. Kh6 Qh3+ 89. Kg5 Qg3+ 90. Kh5 Qf4 91. Qd1+ Kb2 92. Qe2+ Kc3 93. Qe1+ Kc4 94. Qe6+ Kc5 95. Qc8+ Kb6 96. Qc3 Qf5+ 97. Kh4 Qc5 98. Qb2+ Ka5 99. Kg3 Qd6+ 100. Kf3 Qd5+ 101. Kf2 Qc5+ 102. Ke2 a3 103. Qa2 Qe5+ 104. Kd3 Qg3+ 105. Kc2 Qg2+ 106. Kb3 Qf3+ 107. Kc2 Qe2+ 0-1

[Event "57th Biel Festival MTO 2024"]
[White "Udipi,Kala Kishan"]
[Black "Cervantes Landeiro,Thalia"]
[Site "Biel"]
[Round "3.38"]
[Annotator "RC"]
[Result "0-1"]
[Date "2024.07.17"]
[WhiteElo "2051"]
[BlackElo "2271"]
[PlyCount "156"]
[TimeControl "60"]

1. d4 Nf6 2. c4 g6 3. Nc3 d5 4. Bf4 Bg7 5. e3 O-O 6. Rc1 Be6 7. c5 c6 8. Nf3 b6 9. cxb6 axb6 10. Bd3 Nh5 11. Bg3 c5 12. Bh4 Nc6 13. Bb5 Na7 14. Be2 Nf6 15. O-O c4 16. Bxf6 exf6 17. e4 dxe4 18. Nxe4 Re8 19. Re1 b5 20. a4 Bh6 21. Ra1 f5 22. Nc5 Bd5 23. Qc2 Rc8 24. axb5 Nxb5 25. Na4 Bxf3 26. Bxf3 Nxd4 27. Rxe8+ Qxe8 28. Qd1 Nxf3+ 29. Qxf3 Ra8 30. Qd1 Bg7 31. Nc3 Rxa1 32. Qxa1 h5 33. h3 Bd4 34. Qf1 Qe6 35. Qd1 Qe5 36. Qd2 h4 37. Kf1 Kg7 38. Nd1 Qc5 39. Ne3 f4 40. Nd1 Be5 41. Nc3 Qc6 42. Qe2 f6 43. Ne4 Bxb2 44. Qxb2 Qxe4 45. Qc3 Qd5 46. f3 Qc5 47. Qc2 c3 48. Ke2 Qb5+ 49. Ke1 Qb4 50. Kd1 Qd4+ 51. Ke2 Qe3+ 52. Kf1 Kh6 53. Qd1 Qb6 54. Qc1 Qb5+ 55. Ke1 Qe5+ 56. Kd1 Qe3 57. Kc2 Kg5 58. Qd1 Qf2+ 59. Kxc3 Qxg2 60. Qd5+ Kh6 61. Qe4 Qg5 62. Kd3 Qb5+ 63. Kd2 Qb2+ 64. Kd1 Qb3+ 65. Kd2 Qb2+ 66. Kd1 Qe5 67. Qc4 Qe3 68. Qd5 Qg1+ 69. Kc2 Qg2+ 70. Kb3 Qxh3 71. Qa8 Qg2 72. Qf8+ Kh5 73. Qc5+ Qg5 74. Qc8 Qd5+ 75. Ka4 Qxf3 76. Qh8+ Kg5 77. Qd8 Qe4+ 78. Ka5 h3 0-1

[Event "57th Biel Festival MTO 2024"]
[White "Monteverde,Jonathan"]
[Black "Saravanan,V.."]
[Site "Biel"]
[Round "3.39"]
[Annotator "RC"]
[Result "0-1"]
[Date "2024.07.17"]
[WhiteElo "2052"]
[BlackElo "2266"]
[PlyCount "58"]
[TimeControl "60"]

1. d4 Nf6 2. c4 e6 3. Nc3 Bb4 4. Qc2 O-O 5. Nf3 d5 6. Bg5 h6 7. Bh4 dxc4 8. e4 g5 9. Bg3 b5 10. O-O-O Bxc3 11. bxc3 Qe7 12. h4 Qa3+ 13. Kb1 g4 14. Ng5 b4 15. cxb4 Nc6 16. e5 Nxb4 17. Qb2 Qxb2+ 18. Kxb2 c3+ 19. Kc1 Nfd5 20. Ne4 Nxa2+ 21. Kc2 Rb8 22. Rb1 Bd7 23. Bc4 Ba4+ 24. Kd3 Rxb1 25. Rxb1 c2 26. Bxa2 cxb1=Q+ 27. Bxb1 Rb8 28. Nd2 Rb2 29. f3 Bb5+ 0-1

[Event "57th Biel Festival MTO 2024"]
[White "Chen,Muxi"]
[Black "Collin,Moritz Valentin"]
[Site "Biel"]
[Round "3.40"]
[Annotator "RC"]
[Result "0-1"]
[Date "2024.07.17"]
[WhiteElo "1954"]
[BlackElo "2312"]
[PlyCount "78"]
[TimeControl "60"]

1. e4 c5 2. Nf3 e6 3. d4 cxd4 4. Nxd4 Nc6 5. a3 Nf6 6. Nc3 Qc7 7. Be3 a6 8. f4 Nxd4 9. Qxd4 Ng4 10. Qb6 Bd6 11. e5 Nxe3 12. Qxe3 Be7 13. O-O-O d6 14. exd6 Bxd6 15. Bb5+ Kf8 16. Rxd6 Qxd6 17. Rd1 Qe7 18. Qd4 axb5 19. Qd8+ Qxd8 20. Rxd8+ Ke7 21. Rxh8 h6 22. Nxb5 b6 23. g3 Bb7 24. Rxa8 Bxa8 25. Kd2 g5 26. Ke3 f6 27. Kd4 Bc6 28. c4 Kf7 29. Nd6+ Kg6 30. Nc8 Kh5 31. Nxb6 Kg4 32. Ke3 Kh3 33. a4 Kxh2 34. Kf2 g4 35. c5 h5 36. Nc4 h4 37. Ne3 hxg3+ 38. Ke2 g2 39. Nxg2 Kxg2 0-1

[Event "57th Biel Festival MTO 2024"]
[White "Jaggy,Matteo"]
[Black "Pouly,Ivan"]
[Site "Biel"]
[Round "3.41"]
[Annotator "RC"]
[Result "1-0"]
[Date "2024.07.17"]
[WhiteElo "2211"]
[BlackElo "1958"]
[PlyCount "99"]
[TimeControl "60"]

1. d4 d5 2. Bf4 Nf6 3. e3 c6 4. c3 Bf5 5. Nd2 e6 6. Ngf3 Bd6 7. Ne5 h6 8. h4 Qc7 9. g4 Be4 10. f3 Bh7 11. Qe2 Nbd7 12. Nxd7 Nxd7 13. Bxd6 Qxd6 14. Qh2 Qxh2 15. Rxh2 O-O-O 16. b4 e5 17. Nb3 Rhe8 18. Kd2 Re7 19. Nc5 Rde8 20. Nxd7 Kxd7 21. Re1 exd4 22. cxd4 Kd6 23. Bd3 Bxd3 24. Kxd3 a5 25. Rb2 axb4 26. Rxb4 b5 27. a4 bxa4 28. Rxa4 Rb8 29. Ra2 Rb3+ 30. Kd2 Reb7 31. Rc2 Rb2 32. Ra1 R7b3 33. Ra7 Rxc2+ 34. Kxc2 Rxe3 35. Rxf7 Re7 36. Rxe7 Kxe7 37. Kc3 g5 38. h5 Ke6 39. Kd3 Kf6 40. Ke3 Ke6 41. Kd2 Kf6 42. Kd3 Ke6 43. Kc3 Ke7 44. Kd3 Ke6 45. Ke3 Kf6 46. f4 gxf4+ 47. Kxf4 Ke6 48. g5 hxg5+ 49. Kxg5 Kf7 50. Kf5 1-0

[Event "57th Biel Festival MTO 2024"]
[White "Liu,Kimberly"]
[Black "Balabayeva,Xeniya"]
[Site "Biel"]
[Round "3.42"]
[Annotator "RC"]
[Result "0-1"]
[Date "2024.07.17"]
[WhiteElo "1941"]
[BlackElo "2246"]
[PlyCount "46"]
[TimeControl "60"]

1. e4 c6 2. d4 d5 3. e5 Bf5 4. h4 h5 5. Bd3 Bxd3 6. Qxd3 Qa5+ 7. Nd2 Qa6 8. c4 e6 9. Ne2 Nd7 10. b3 Bb4 11. O-O Rd8 12. Nf3 Nb6 13. Bg5 Be7 14. Rfc1 Nh6 15. Nf4 Nf5 16. Nxh5 dxc4 17. bxc4 Rxh5 18. g4 Rxg5 19. hxg5 Nxd4 20. Nxd4 c5 21. Qh7 Rxd4 22. Qxg7 Rxg4+ 23. Kh1 Qa3 0-1

[Event "57th Biel Festival MTO 2024"]
[White "Haugner,Jan"]
[Black "Krishnan,Ritvik"]
[Site "Biel"]
[Round "3.43"]
[Annotator "RC"]
[Result "1-0"]
[Date "2024.07.17"]
[WhiteElo "2072"]
[BlackElo "2297"]
[PlyCount "97"]
[TimeControl "60"]

1. e4 c5 2. Nf3 d6 3. d4 cxd4 4. Nxd4 Nf6 5. Nc3 Nc6 6. Bg5 e6 7. Bb5 Bd7 8. Qd3 Be7 9. O-O-O O-O 10. Bxc6 bxc6 11. Nb3 Qb6 12. Bxf6 gxf6 13. Qg3+ Kh8 14. Rxd6 Rg8 15. Qd3 Bxd6 16. Qxd6 Rad8 17. Qf4 Rg6 18. Na4 Qb8 19. Qxb8 Rxb8 20. Nac5 Be8 21. g3 Kg7 22. Rd1 Rc8 23. Na5 Kf8 24. h4 f5 25. Rg1 fxe4 26. Nxe4 Ke7 27. Nc4 Rd8 28. Re1 Rd4 29. Ne5 Rg7 30. Nf3 Rb4 31. a3 Rb8 32. Nc5 Rg4 33. c3 Rc4 34. Nd3 Rd8 35. Nfe5 Ra4 36. Nc5 Ra5 37. Nb7 Rxe5 38. Rxe5 Rd3 39. Ra5 Rf3 40. Rxa7 Rxf2 41. Nc5+ Kf8 42. a4 e5 43. a5 Rf1+ 44. Kc2 f6 45. Ne6+ Kg8 46. Rg7+ Kh8 47. Rb7 Bg6+ 48. Kd2 Kg8 49. a6 1-0

[Event "57th Biel Festival MTO 2024"]
[White "Khulan,Enkhsaikhan"]
[Black "Kolbus,Dietmar"]
[Site "Biel"]
[Round "3.44"]
[Annotator "RC"]
[Result "0-1"]
[Date "2024.07.17"]
[WhiteElo "2063"]
[BlackElo "2234"]
[PlyCount "176"]
[TimeControl "60"]

1. d4 Nf6 2. c4 g6 3. Nc3 Bg7 4. Nf3 d6 5. g3 c6 6. Bg2 O-O 7. O-O Qc7 8. Qc2 Nbd7 9. b3 Re8 10. Bb2 b6 11. Rfd1 Bb7 12. Rac1 Rac8 13. e4 e5 14. Ba3 Bf8 15. Qd2 Rcd8 16. d5 c5 17. Nh4 Bg7 18. Rc2 Nf8 19. b4 N6d7 20. Nb5 Qb8 21. bxc5 Nxc5 22. Bxc5 dxc5 23. Qc1 Ba6 24. a4 Bxb5 25. axb5 Qc8 26. Ra2 Qd7 27. Rd3 Rb8 28. Rda3 Rb7 29. Qf1 Ra8 30. Bh3 Qd6 31. Ra6 h6 32. f4 Re7 33. f5 Bf6 34. Nf3 g5 35. Bg4 Nh7 36. h4 gxh4 37. gxh4 Kh8 38. Qa1 Rg8 39. Rg2 Qb8 40. Qc1 Qf8 41. Qd2 Rd7 42. Qa2 Qe7 43. Bh3 Rxg2+ 44. Kxg2 Rb7 45. Qd2 Qf8 46. Kh2 Rd7 47. Kh1 Rb7 48. Qc1 Rd7 49. Qa1 Qe7 50. Nh2 Rb7 51. Nf3 Rd7 52. Ra2 Rb7 53. Nh2 Bxh4 54. Ng4 Bg3 55. f6 Nxf6 56. Nxh6 Nxe4 57. Nf5 Qg5 58. Rg2 Nf2+ 59. Rxf2 Bxf2 60. Qxe5+ f6 61. Qh2 Bd4 62. Nxd4 Qc1+ 63. Qg1 Qxg1+ 64. Kxg1 cxd4 65. d6 Rb8 66. Kf2 Rd8 67. d7 Kg7 68. Kf3 Kf7 69. Ke4 Ke7 70. Kxd4 Kd6 71. Bf5 Rh8 72. Bg4 Rg8 73. Bh3 Kc7 74. Kd5 Rg3 75. Bf5 Re3 76. Bg4 Re5+ 77. Kd4 Kd8 78. Bh3 Ke7 79. Bg4 Rg5 80. Bh3 Rh5 81. Be6 Rc5 82. Bh3 f5 83. Bg2 Kxd7 84. Bd5 Kd6 85. Bb7 Re5 86. Bc6 Re2 87. Bf3 Rh2 88. Bd5 Rh4+ 0-1

[Event "57th Biel Festival MTO 2024"]
[White "Papaux,Steve"]
[Black "Panda,Barnabas"]
[Site "Biel"]
[Round "3.45"]
[Annotator "RC"]
[Result "1-0"]
[Date "2024.07.17"]
[WhiteElo "2188"]
[BlackElo "2074"]
[PlyCount "85"]
[TimeControl "60"]

1. e4 c5 2. Nf3 d6 3. d4 cxd4 4. Nxd4 Nf6 5. Nc3 Nc6 6. Bc4 e6 7. O-O a6 8. Re1 Nxd4 9. Qxd4 Qc7 10. a4 Be7 11. Bb3 O-O 12. a5 Bd7 13. h3 Rfd8 14. Be3 Bc6 15. Qd2 Rd7 16. Bb6 Qc8 17. f4 Qf8 18. Qf2 Rc8 19. f5 e5 20. Rad1 Bd8 21. g4 Bxb6 22. Qxb6 Qe7 23. Re2 Kh8 24. Kh2 Ne8 25. Qe3 Nf6 26. Red2 Qd8 27. Qf3 h6 28. h4 Qxa5 29. g5 Ng8 30. Qh5 Qc7 31. gxh6 Nxh6 32. f6 Kh7 33. fxg7 Rg8 34. Rg2 d5 35. Nxd5 Bxd5 36. Bxd5 Qb6 37. Rdg1 Qf6 38. Qg5 Qf4+ 39. Qxf4 exf4 40. Rg5 b6 41. c4 b5 42. e5 Rb8 43. Rh5 1-0

[Event "57th Biel Festival MTO 2024"]
[White "Saine,Zachary"]
[Black "Gueci,Tea"]
[Site "Biel"]
[Round "3.46"]
[Annotator "RC"]
[Result "1/2-1/2"]
[Date "2024.07.17"]
[WhiteElo "2035"]
[BlackElo "2228"]
[PlyCount "118"]
[TimeControl "60"]

1. e4 c5 2. Nf3 d6 3. d4 cxd4 4. Nxd4 Nf6 5. Nc3 a6 6. h3 e6 7. Be3 Be7 8. a4 O-O 9. Be2 Nc6 10. f4 Nxd4 11. Qxd4 d5 12. exd5 Nxd5 13. Nxd5 Bh4+ 14. Bf2 exd5 15. O-O Bf6 16. Qb4 Bf5 17. c3 Be4 18. Rad1 Qc7 19. Bb6 Qc6 20. Bd3 Rfe8 21. a5 h6 22. Qc5 Qxc5+ 23. Bxc5 Rac8 24. Bb6 Bd8 25. Bxd8 Rexd8 26. g4 f5 27. gxf5 Kf7 28. Rfe1 Kf6 29. Bxe4 dxe4 30. Rxd8 Rxd8 31. Rxe4 Kxf5 32. Re7 Rd1+ 33. Kf2 Rd2+ 34. Kf3 Rxb2 35. Rxg7 Rb5 36. Rf7+ Kg6 37. Rd7 Rxa5 38. Rxb7 Rc5 39. Ke4 Rxc3 40. Rb6+ Kg7 41. Rxa6 Rxh3 42. Kf5 Rf3 43. Ra7+ Kf8 44. Rh7 Rf1 45. Rxh6 Kf7 46. Rh7+ Kf8 47. Ra7 Rf2 48. Kg5 Rf1 49. f5 Rf2 50. Kf6 Kg8 51. Ra8+ Kh7 52. Re8 Rf1 53. Re2 Kg8 54. Re8+ Kh7 55. Rf8 Ra1 56. Ke7 Ra7+ 57. Ke8 Ra8+ 58. Ke7 Ra7+ 59. Ke8 Ra8+ 1/2-1/2